 Dungeon Crawl Stone Soup version 0.29.1-15-g9cfb28693d (webtiles) character file.

Game seed: 7000303532062698197

88 javelincjr the Sneak (level 4, -3/24 (28) HPs)
             Began as an Octopode Hedge Wizard on May 1, 2023.
             Slain by an adder (4 damage)
             ... on level 3 of the Dungeon.
             The game lasted 00:05:50 (2774 turns).

javelincjr the Sneak (Octopode Hedge Wizard)        Turns: 2774, Time: 00:05:51

HP:   -3/24 (28)    AC:  1    Str:  9    XL:     4   Next: 53%
MP:   10/17         EV: 13    Int: 18    God:
Gold: 98            SH:  0    Dex: 11    Spells: 4/9 levels left

rFire   + . .      SeeInvis .   f - +0 dagger (pain)
rCold   . . .      Faith    .   (no shield)
rNeg    . . .      Spirit   .   b - +0 hat
rPois   .          Reflect  .   (no amulet)
rElec   .          Harm     .   l - ring of magical power
rCorr   .          Rampage  .   n - ring of protection from fire
Will    .....                   (no ring)
Stlth   +++.......              (no ring)
HPRegen 0.08/turn               (no ring)
MPRegen 0.15/turn               (no ring)
                                (no ring)
                                (no ring)

@: attractive, heavily drained
A: almost no armour, amphibious, 8 rings, camouflage 1, gelatinous body 1,
(nimble swimmer 1), tentacles
a: no special abilities


You were on level 3 of the Dungeon.
You visited 1 branch of the dungeon, and saw 3 of its levels.

You collected 98 gold pieces.

Inventory:

Hand Weapons
 a - a +0 dagger
 f - a +0 dagger of pain (weapon)
Armour
 b - a +0 hat (worn)
Jewellery
 l - a ring of magical power (left tentacle)
 n - a ring of protection from fire (right tentacle)
Scrolls
 o - a scroll of vulnerability {unknown}
 p - a scroll of torment {unknown}
 q - a scroll of identify {unknown}
Potions
 c - a potion of magic
 e - a potion of attraction
 g - 2 potions of curing {unknown}
 h - 3 potions of mutation {unknown}
 i - 2 potions of invisibility {unknown}
 j - a potion of might {unknown}
 k - a potion of resistance {unknown}


   Skills:
 * Level 1.1 Fighting
 + Level 0.3 Short Blades
 + Level 2.4 Dodging
 + Level 3.4 Stealth
 * Level 3.3 Spellcasting
 + Level 1.6 Conjurations
 + Level 1.6 Summonings
 + Level 0.4 Necromancy
 + Level 1.7 Translocations


You had 4 spell levels left.
You knew the following spells:

 Your Spells              Type           Power      Damage    Failure   Level
a - Magic Dart            Conj           32%        1d4       9%          1
b - Blink                 Tloc           18%        N/A       12%         2
c - Call Imp              Summ           9%         N/A       12%         2

Your spell library contained the following spells:

 Spells                   Type           Power      Damage    Failure   Level
 Slow                     Hex            8%         N/A       16%         1
 Sublimation of Blood     Necr           4%         N/A       21%         2
 Wereblood                Tmut           2%         N/A       24%         2
 Conjure Flame            Conj/Fire      5%         6-21      34%         3
 Mephitic Cloud           Conj/Pois/Air  4%         N/A       36%         3
 Summon Hydra             Summ           4%         N/A       100%        7


Dungeon Overview and Level Annotations

Branches:
Dungeon (3/15)

Altars:
Ru

Annotations:
D:3 Crazy Yiuf


Innate Abilities, Weirdness & Mutations

You cannot wear most types of armour.
You are amphibious.
You can wear up to eight rings at the same time.
Your skin changes colour to match your surroundings (Stealth+).
Your rubbery body absorbs attacks. (AC +1, EV +1)
((You are camouflaged when in or above water. (Stealth+)))
You have tentacles for arms and can constrict up to eight enemies at once.


Message History

Crazy Yiuf hits you with a +4 quarterstaff of chaos!
You feel drained.
You hit Crazy Yiuf but do no damage.
Crazy Yiuf is moderately wounded.
You constrict Crazy Yiuf, but do no damage.
Crazy Yiuf hits you with a +4 quarterstaff of chaos!
* * * LOW HITPOINT WARNING * * *
You feel drained.
* * * LOW HITPOINT WARNING * * *
Casting: Call Imp (safe; 12% risk of failure)
Confirm with . or Enter, or press ? or * to list all spells.
You blink.
You lose your grip on Crazy Yiuf.
Your crimson imp barely misses Crazy Yiuf.
As you read the scroll labelled ONUUNO DANEL HUYDD, it crumbles to dust.
You feel strangely unstable.
It was a scroll of teleportation.
Crazy Yiuf hits your crimson imp with a +4 quarterstaff of chaos!
Your crimson imp blinks!
You swap places.
You see here a +0 hammer.
Crazy Yiuf yells, "Sif Muna unthinkable blue!"
Your crimson imp hits Crazy Yiuf but does no damage.
Your crimson imp closely misses Crazy Yiuf.
Crazy Yiuf says, "Walk hog broken!"
It was a potion of attraction.
You feel attractive to monsters.
Your surroundings suddenly seem different.
A ball python and an adder come into view.
Found 2 purple potions and a scroll of teleportation.
You feel stable enough to blink again. The adder is attracted toward you.
The ball python is attracted toward you.
It was a potion of cancellation.
Your magical effects are unravelling.
You feel magically purged.
Your magical contamination has completely faded away.
The adder hisses angrily.
The adder bites you.
* * * LOW HITPOINT WARNING * * *
The adder bites you.
You die...

#######.#
#.!@....#
#...S...#
#.....§.+
#...S...#
#.......#
#..?....#
#.......#
#....§..#


You could see an adder and a ball python.

Vanquished Creatures
  3 adders
  A worm (D:2)
  2 dart slugs (D:1)
  9 endoplasms
  2 giant cockroaches (D:2)
  8 goblins
  A hobgoblin (D:1)
  A jackal (D:2)
  3 ball pythons
  11 bats
  2 frilled lizards
  2 kobolds (D:2)
  7 rats
52 creatures vanquished.

Notes
Turn   | Place    | Note
-------+----------+-------------------------------------------
     0 | D:1      | javelincjr the Octopode Hedge Wizard began the quest for
                  | the Orb.
     0 | D:1      | Reached XP level 1. HP: 11/11 MP: 4/4
    38 | D:1      | Found a faded altar of an unknown god.
    49 | D:1      | Prayed at the altar of an unknown god.
    49 | D:1      | Became a worshipper of Ru the Awakened
    56 | D:1      | Fell from the grace of Ru
   116 | D:1      | Reached XP level 2. HP: 17/17 MP: 6/6
   654 | D:1      | Reached XP level 3. HP: 21/21 MP: 7/7
  1531 | D:2      | Reached XP level 4. HP: 27/27 MP: 4/8
  2216 | D:2      | Reached skill level 1 in Fighting
  2744 | D:3      | Found a runed translucent door.
  2745 | D:3      | Noticed Crazy Yiuf
  2750 | D:3      | Learned a level 2 spell: Blink
  2754 | D:3      | Learned a level 2 spell: Call Imp
  2774 | D:3      | HP: 1/24 [adder (1)]
  2774 | D:3      | Slain by an adder

Illustrated notes

Levels and vault maps discovered:
D:1:      dpeg_arrival_subterranean_lakeside_camping, layout_basic,
          shapermc_ecumenical_altar_starsandcircs, minmay_misc_feat_five
D:2:      minmay_thinvault, layout_rooms,
          nicolae_concentric_dashed_squares_wild, hex_tiny, st_stairs_3
D:3:      layout_basic, kennysheep_nub, uniq_terence, uniq_natasha,
          uniq_crazy_yiuf_cottage

Skill      XL: |  1  2  3  4 |
---------------+-------------+-----
Stealth        | 3 |  3.4
Fighting       | 1 |  1.1
Short Blades   | |  0.3
Dodging        | |  2.4
Spellcasting   | |  3.3
Conjurations   | |  1.6
Summonings     | |  1.6
Necromancy     | |  0.4
Translocations | |  1.7

Action                   |  1- 3 |  4- 6 || total
-------------------------+-------+-------++-------
Melee: Dagger            |    61 |    19 ||    80
       Constrict         |    12 |     4 ||    16
       Tentacles         |    14 |     7 ||    21
 Cast: Magic Dart        |    10 |    35 ||    45
       Blink             |       |     2 ||     2
       Call Imp          |       |     1 ||     1
Invok: Renounce Religion |     1 |       ||     1
  Use: Potion            |       |     2 ||     2
       Scroll            |       |     1 ||     1
 Stab: Sleeping          |    12 |       ||    12
Armor: Skin              |     2 |     1 ||     3
Dodge: Dodged            |    39 |    20 ||    59
